[Event "ICC tourney 1900 (45 10)"]
[Site "Internet Chess Club"]
[Date "2020.07.04"]
[Round "5"]
[White "Samuelhe2098"]
[Black "rcww2020"]
[Result "0-1"]
[ICCResult "White checkmated"]
[WhiteElo "1358"]
[BlackElo "1319"]
[Opening "Sicilian: Taimanov variation"]
[ECO "B46"]
[NIC "SI.39"]
[Time "21:03:00"]
[TimeControl "2700+10"]

1. e4 c5 2. Nf3 e6 3. d4 cxd4 4. Nxd4 Nc6 5. Nc3 a6 6. Be2 Nf6 7. a3 Qc7 8.
Be3 Be7 9. O-O O-O 10. f4 d6 11. Kh1 Rd8 12. g4 e5 13. Nf5 Bf8 14. g5 Ne8
15. Nd5 Qb8 16. Nb6 Bxf5 17. exf5 Ra7 18. g6 fxg6 19. fxg6 Nf6 20. Nd5 Ra8
21. Nxf6+ gxf6 22. gxh7+ Kh8 23. fxe5 dxe5 24. Qe1 Bg7 25. Qh4 Qc7 26. Bd3
Nd4 27. Bh6 Bxh6 28. Qxh6 Qc6+ 29. Kg1 Nf3+ 30. Kf2 e4 31. Be2 Rd2 32. Qe3
Rad8 33. Rad1 Qxc2 34. Rxd2 Rxd2 35. b4 f5 36. Re1 Qc7 37. Rh1 Qc2 38. Re1
Nxe1 39. Kxe1 Rxe2+ 40. Qxe2 Qxe2+ 41. Kxe2 Kxh7 42. Ke3 Kh6 43. Kf2 Kh5 44.
a4 Kh4 45. Kg2 f4 46. b5 f3+ 47. Kf2 Kh3 48. bxa6 bxa6 49. a5 Kxh2 50. Kf1
e3 51. Ke1 Kg2 52. Kd1 f2 53. Kc2 f1=Q 54. Kb3 e2 55. Kb4 Qb1+ 56. Ka3 e1=Q
57. Ka4 Qee4+ 58. Ka3 Qed3+ 59. Ka4 Qdc2+ 60. Ka3 Qca2# {White checkmated}
0-1

[Event "ICC tourney 1900 (45 10)"]
[Site "Internet Chess Club"]
[Date "2020.07.04"]
[Round "5"]
[White "flybamboo"]
[Black "Chessplayer44"]
[Result "0-1"]
[ICCResult "White checkmated"]
[WhiteElo "1290"]
[BlackElo "1309"]
[Opening "Dutch defense"]
[ECO "A91"]
[NIC "HD.03"]
[Time "21:03:28"]
[TimeControl "2700+10"]

1. d4 e6 2. c4 f5 3. g3 Nf6 4. Bg2 Be7 5. Nc3 O-O 6. e3 d5 7. Nf3 c6 8. cxd5
cxd5 9. O-O Nc6 10. a3 Bd7 11. Qc2 Rc8 12. Qd3 Na5 13. b4 Nc4 14. Nd2 b5 15.
Nxc4 bxc4 16. Qd2 Ne4 17. Nxe4 fxe4 18. Qc3 Ba4 19. Bb2 Qd7 20. f4 exf3 21.
Rxf3 Rxf3 22. Bxf3 Rb8 23. Rf1 a5 24. bxa5 Rb3 25. Qd2 Qb5 26. Bc3 Rxa3 27.
Bg4 Qd7 28. Qf2 Bf6 29. Bb4 Rb3 30. Bc5 c3 31. Qa2 Rb2 32. Qa1 Bb5 33. Rc1
Ba6 34. Rxc3 Qb5 35. Qe1 Kf7 36. Rc1 Ra2 37. Bb6 Qb2 38. Bh5+ g6 39. Rc7+
Be7 40. Be2 Qxe2 41. Qxe2 Rxe2 42. Bc5 Kf6 43. Rxe7 Rxe3 44. Rxh7 Kf5 45.
Kf2 Re2+ 46. Kf3 g5 47. g4+ Kg6 48. Ra7 Bd3 49. Re7 Kf6 50. h3 Rh2 51. Kg3
Ra2 52. Bb6 Kxe7 53. h4 gxh4+ 54. Kxh4 Kf7 55. Kg5 Ba6 56. Kh6 Rh2+ 57. Kg5
Ke7 58. Kg6 Rf2 59. g5 Bd3+ 60. Kh6 Rh2+ 61. Kg7 Rg2 62. Kh6 Kf7 63. Bd8
Rh2# {White checkmated} 0-1

[Event "ICC tourney 1900 (45 10)"]
[Site "Internet Chess Club"]
[Date "2020.07.04"]
[Round "5"]
[White "capetarget"]
[Black "kralj8"]
[Result "0-1"]
[ICCResult "White checkmated"]
[WhiteElo "1355"]
[BlackElo "1717"]
[Opening "Ruy Lopez: fianchetto (Smyslov/Barnes) defense"]
[ECO "C60"]
[NIC "RL.03"]
[Time "21:03:03"]
[TimeControl "2700+10"]

1. e4 e5 2. Nf3 Nc6 3. Bb5 g6 4. d4 exd4 5. Nxd4 Bg7 6. Be3 Nge7 7. O-O O-O
8. c3 a6 9. Ba4 b5 10. Bc2 Bb7 11. f4 Nxd4 12. cxd4 f5 13. e5 Nd5 14. Bc1
Re8 15. Nc3 Kh8 16. h3 Bh6 17. Qe1 d6 18. Qf2 Rc8 19. g4 Qd7 20. Qh4 Bg7 21.
Kh2 Rg8 22. Bb3 c6 23. Ne2 c5 24. Rd1 cxd4 25. Rxd4 dxe5 26. Rd1 Qe6 27. Nc3
exf4 28. Bxf4 Bxc3 29. bxc3 Qe2+ 30. Kg1 Nxf4 31. Qg3 Rge8 32. Re1 Qg2+ 33.
Qxg2 Nxg2 34. Rxe8+ Rxe8 35. gxf5 gxf5 36. Rd1 Re1+ 37. Rxe1 Nxe1 38. Be6 a5
39. Bxf5 b4 40. Kf2 Nf3 41. cxb4 axb4 42. Ke3 Bd5 43. Bb1 Ng5 44. Kd4 Be6
45. Bxh7 Bxa2 46. Bc2 Ne6+ 47. Ke5 Kg7 48. Kd6 Kf6 49. Ba4 Kf5 50. Kc6 Bc4
51. Kb6 b3 52. Bxb3 Bxb3 53. Kc6 Kg5 54. Kd6 Kh4 55. Ke5 Kxh3 56. Ke4 Kg4
57. Ke5 Kg5 58. Ke4 Kf6 59. Kd3 Ke5 60. Kc3 Bd5 61. Kd3 Nc5+ 62. Ke3 Be4 63.
Kd2 Kd4 64. Kc1 Kc3 65. Kd1 Bd3 66. Kc1 Nb3+ 67. Kd1 Kd4 68. Ke1 Ke3 69. Kd1
Be4 70. Ke1 Nd4 71. Kd1 Ne2 72. Ke1 Bc2 73. Kf1 Nf4 74. Ke1 Nd3+ 75. Kf1 Kf3
76. Kg1 Nf4 77. Kf1 Ng2 78. Kg1 Kg3 79. Kf1 Bd3+ 80. Kg1 Nf4 81. Kh1 Bb5 82.
Kg1 Nh3+ 83. Kh1 Bc6# {White checkmated} 0-1

[Event "ICC tourney 1900 (45 10)"]
[Site "Internet Chess Club"]
[Date "2020.07.04"]
[Round "5"]
[White "natez"]
[Black "Singireddy"]
[Result "0-1"]
[ICCResult "White resigns"]
[WhiteElo "1509"]
[BlackElo "1729"]
[Opening "King's Indian: fianchetto, Yugoslav system"]
[ECO "E64"]
[NIC "KI.76"]
[Time "21:03:04"]
[TimeControl "2700+10"]

1. d4 Nf6 2. Nf3 g6 3. c4 Bg7 4. Nc3 d6 5. g3 O-O 6. Bg2 c5 7. d5 e6 8. O-O
exd5 9. Nxd5 Nxd5 10. Qxd5 Nc6 11. Ng5 h6 12. Ne4 Nd4 13. e3 Be6 14. Qxd6
Nc2 15. Rb1 Bxc4 16. a3 Qxd6 17. Nxd6 Ba2 18. Bd2 Bxb1 19. Rxb1 Rad8 20. Rc1
Rxd6 21. Rxc2 Rfd8 22. Bc3 Bxc3 23. Rxc3 Rd1+ 24. Bf1 Rb1 25. Kg2 Rxb2 26.
e4 Rdd2 27. Rf3 b5 28. e5 c4 29. a4 a6 30. h3 Rb1 31. Rf6 Rdd1 32. Be2 Rd2
33. Bf1 c3 34. Rc6 c2 35. e6 c1=Q 36. Rxc1 Rxc1 37. e7 Re1 38. axb5 axb5 39.
Bxb5 Rxe7 {White resigns} 0-1

[Event "ICC tourney 1900 (45 10)"]
[Site "Internet Chess Club"]
[Date "2020.07.04"]
[Round "5"]
[White "saisneha"]
[Black "aarushnaveen"]
[Result "1/2-1/2"]
[ICCResult "Game drawn by mutual agreement"]
[WhiteElo "1571"]
[BlackElo "1512"]
[Opening "Gr?nfeld: exchange variation"]
[ECO "D85"]
[NIC "GI.04"]
[Time "21:03:18"]
[TimeControl "2700+10"]

1. d4 Nf6 2. c4 g6 3. Nc3 d5 4. cxd5 Nxd5 5. e4 Nxc3 6. bxc3 Bg7 7. Bb5+ c6
8. Ba4 O-O 9. Ne2 c5 10. O-O Nc6 11. Be3 Na5 12. Rb1 Nc4 13. Bg5 h6 14. Bh4
a6 15. Re1 cxd4 16. cxd4 g5 17. Bg3 b5 18. Bb3 f5 19. Bxc4+ bxc4 20. f4 gxf4
21. Bxf4 fxe4 22. Qc1 Kh7 23. Qxc4 Bf5 24. Rbc1 Qd7 25. Be3 Rfc8 26. Qb3
Rab8 27. Qa3 Qd6 28. Qxd6 exd6 29. Rxc8 Rxc8 30. Rb1 Rc2 31. Ng3 Bg6 32. Rb6
Rc1+ 33. Kf2 Rc2+ 34. Kg1 Rxa2 35. Rxd6 a5 36. d5 a4 37. Ra6 Ra1+ 38. Kf2 a3
39. d6 a2 40. d7 Rd1 41. Rxa2 Rxd7 42. Ra4 Rf7+ 43. Kg1 Rb7 44. Ne2 Bf5 45.
Ng3 Bg6 46. Ne2 Bf5 47. Kf2 Rf7 {Game drawn by mutual agreement} 1/2-1/2

[Event "ICC tourney 1900 (45 10)"]
[Site "Internet Chess Club"]
[Date "2020.07.04"]
[Round "5"]
[White "checkninja"]
[Black "ruitang"]
[Result "1-0"]
[ICCResult "Black resigns"]
[WhiteElo "1534"]
[BlackElo "1472"]
[Opening "Giuoco Piano"]
[ECO "C50"]
[NIC "IG.02"]
[Time "21:03:25"]
[TimeControl "2700+10"]

1. e4 e5 2. Nf3 Nc6 3. Bc4 Bc5 4. O-O Nf6 5. d3 h6 6. c3 a6 7. d4 Bd6 8.
dxe5 Bxe5 9. Nbd2 Bf4 10. g3 Bxd2 11. Nxd2 d6 12. f4 O-O 13. Be2 Re8 14. Bf3
Be6 15. Nb3 Bc4 16. Re1 Qd7 17. Nd4 d5 18. e5 Nxd4 19. Qxd4 Qh3 20. Bg2 Qe6
21. Rd1 Ne4 22. b3 Be2 23. Re1 Bb5 24. c4 {Black resigns} 1-0

[Event "ICC tourney 1900 (45 10)"]
[Site "Internet Chess Club"]
[Date "2020.07.04"]
[Round "5"]
[White "MysteryHunter"]
[Black "duckmaster07"]
[Result "1/2-1/2"]
[ICCResult "Game drawn by mutual agreement"]
[WhiteElo "1539"]
[BlackElo "1415"]
[Opening "Scandinavian (center counter) defense"]
[ECO "B01"]
[NIC "SD.01"]
[Time "21:03:24"]
[TimeControl "2700+10"]

1. e4 d5 2. exd5 Qxd5 3. Nc3 Qa5 4. d4 Nf6 5. Bc4 Bf5 6. Nf3 e6 7. O-O Be7
8. Bd2 c6 9. Nd5 Qd8 10. Nxe7 Qxe7 11. Re1 O-O 12. Bf4 Nbd7 13. Nh4 Bg6 14.
Nxg6 hxg6 15. c3 Nd5 16. Bg3 N7f6 17. Bh4 Qd7 18. Qd2 Rac8 19. Bd3 Rfd8 20.
Rad1 a5 21. Qc2 b5 22. h3 b4 23. c4 Nb6 24. Bxf6 gxf6 25. Be4 Qc7 26. b3 Rd7
27. Rd2 Rcd8 28. Red1 Kg7 29. Rd3 Nc8 30. Qe2 Ne7 31. R1d2 Qb6 32. Qd1 Qa7
33. d5 exd5 34. cxd5 cxd5 35. Bxd5 Nxd5 36. Rxd5 Rxd5 37. Rxd5 Rxd5 38. Qxd5
Qc7 39. Kf1 Qc1+ 40. Ke2 Qb2+ 41. Qd2 Qe5+ 42. Qe3 Qb5+ 43. Qd3 Qc5 44. Qe3
Qc6 45. Kf1 Qb5+ 46. Qe2 Qc6 47. Qd2 Qe4 48. f3 Qe5 49. Kf2 Qb5 50. Qe2 Qd7
51. Qe3 a4 52. Ke2 axb3 53. axb3 Qb7 54. Qe4 Qa6+ 55. Kd2 Qa3 56. Qc2 Qa7
57. Qc4 Qf2+ 58. Qe2 Qg3 59. Kd3 Qc7 {Game drawn by mutual agreement}
1/2-1/2

[Event "ICC tourney 1900 (45 10)"]
[Site "Internet Chess Club"]
[Date "2020.07.04"]
[Round "5"]
[White "gmcarebear999"]
[Black "Alexbander"]
[Result "1/2-1/2"]
[ICCResult "Game drawn by mutual agreement"]
[WhiteElo "1343"]
[BlackElo "1294"]
[Opening "QGD: Orthodox defense"]
[ECO "D60"]
[NIC "QO.12"]
[Time "21:03:27"]
[TimeControl "2700+10"]

1. d4 d5 2. c4 e6 3. Nf3 Nf6 4. Bg5 Be7 5. e3 O-O 6. Nc3 Nbd7 7. cxd5 exd5
8. Bd3 c5 9. O-O c4 10. Bb1 a6 11. Qc2 g6 12. Ne5 Nxe5 13. dxe5 Ng4 14. Bxe7
Qxe7 15. Nxd5 Qxe5 16. Nf4 b5 17. h3 Bf5 18. Qc3 Qxc3 19. bxc3 Bxb1 20.
Rfxb1 Ne5 21. a4 bxa4 22. Rxa4 Rfd8 23. Rba1 Rd6 24. R1a3 Rc6 25. Ne2 Nd3
26. Nd4 Rb6 27. Rxc4 Rb1+ 28. Kh2 Nxf2 29. Rca4 Rb6 30. c4 Ne4 31. c5 Nxc5
32. Ra5 Ne6 33. Nxe6 fxe6 34. Kg3 Kf7 35. Kf4 Kf6 36. e4 h6 37. h4 g5+ 38.
hxg5+ hxg5+ 39. Rxg5 {Game drawn by mutual agreement} 1/2-1/2

[Event "ICC tourney 1900 (45 10)"]
[Site "Internet Chess Club"]
[Date "2020.07.04"]
[Round "5"]
[White "dabpacman"]
[Black "imranchamp"]
[Result "1-0"]
[ICCResult "Black checkmated"]
[WhiteElo "1240"]
[BlackElo "1461"]
[Opening "Sicilian: closed"]
[ECO "B23"]
[NIC "SI.44"]
[Time "21:03:19"]
[TimeControl "2700+10"]

1. e4 c5 2. Nc3 b6 3. f4 Bb7 4. Nf3 Nf6 5. d3 d6 6. Be2 g6 7. O-O Bg7 8. Qe1
Nc6 9. Bd2 O-O 10. Qh4 Nd7 11. f5 Nde5 12. Bh6 Nxf3+ 13. Rxf3 f6 14. Bxg7
Kxg7 15. Rh3 Rh8 16. Qh6+ Kf7 17. Rg3 Ne5 18. h4 Qf8 19. Qf4 Rg8 20. d4 cxd4
21. Nb5 Rc8 22. Nxd4 Qd8 23. Ne6 Qd7 24. c3 Qc6 25. Qh6 Rh8 26. Qg7+ Ke8 27.
Qxh8+ Kd7 28. Qxh7 Qxe4 29. Bb5+ Nc6 30. Nd4 a6 31. Bxc6+ Bxc6 32. fxg6 Bd5
33. Qh6 f5 34. Qg5 f4 35. Rf3 Rg8 36. h5 Qe5 37. Qg4+ e6 38. h6 Bxf3 39.
Nxf3 Qf6 40. Nh4 f3 41. gxf3 Rxg6 42. Nxg6 Qxg6 43. Qxg6 e5 44. h7 e4 45.
h8=Q exf3 46. Qge8+ Kc7 47. Qg7# {Black checkmated} 1-0

[Event "ICC tourney 1900 (45 10)"]
[Site "Internet Chess Club"]
[Date "2020.07.04"]
[Round "5"]
[White "HarleyQueen8"]
[Black "Gurru235088"]
[Result "1-0"]
[ICCResult "Black resigns"]
[WhiteElo "1513"]
[BlackElo "1377"]
[Opening "Nimzo-Indian: Spielmann variation"]
[ECO "E22"]
[NIC "NI.30"]
[Time "21:03:57"]
[TimeControl "2700+10"]

1. d4 Nf6 2. c4 e6 3. Nc3 Bb4 4. Qb3 Bxc3+ 5. Qxc3 d5 6. Nf3 b6 7. Bg5 dxc4
8. e3 Bb7 9. Bxc4 Nbd7 10. Be2 O-O 11. O-O Ne4 12. Bxd8 Nxc3 13. bxc3 Rfxd8
14. Rfc1 c5 15. Rab1 Rac8 16. Nd2 Nf6 17. Nb3 Be4 18. Rb2 cxd4 19. cxd4
Rxc1+ 20. Nxc1 Rc8 21. Nb3 a5 22. h3 a4 23. Nd2 Rc1+ 24. Kh2 Bd5 25. Rxb6 g6
26. Rb2 a3 27. Rb8+ Kg7 28. Bc4 Bxc4 29. Rc8 Rc2 30. Nxc4 Rxa2 31. Ra8 Rxf2
32. Rxa3 Nd5 33. e4 Ne7 34. Ra7 Nc6 35. Rd7 Rf4 36. Nd2 Rf2 37. Nf3 h6 38.
d5 exd5 39. exd5 Nb4 40. d6 Kf6 41. Rb7 Nc6 42. Rc7 Rc2 43. d7 Ke7 44. Ne5
Nd4 45. Nxf7 Nc6 46. d8=Q+ Ke6 47. Qd6+ Kf5 48. Rxc6 {Black resigns} 1-0

[Event "ICC tourney 1900 (45 10)"]
[Site "Internet Chess Club"]
[Date "2020.07.04"]
[Round "5"]
[White "chessKingT"]
[Black "DankMemer"]
[Result "1/2-1/2"]
[ICCResult "Game drawn by mutual agreement"]
[WhiteElo "1429"]
[BlackElo "1532"]
[Opening "French: Tarrasch, open variation, main line"]
[ECO "C09"]
[NIC "FR.22"]
[Time "21:03:03"]
[TimeControl "2700+10"]

1. e4 e6 2. d4 d5 3. Nd2 c5 4. Ngf3 Nc6 5. exd5 exd5 6. Bb5 Nf6 7. O-O Be7
8. dxc5 Bxc5 9. Nb3 Be7 10. Ne5 Bd7 11. Nxd7 Qxd7 12. Nd4 O-O 13. c3 a6 14.
Ba4 h6 15. Re1 Bc5 16. h3 Rfe8 17. Be3 Bxd4 18. Bxd4 Rxe1+ 19. Qxe1 Re8 20.
Qd1 b5 21. Bxf6 bxa4 22. Bd4 Nxd4 23. Qxd4 Qb5 24. b3 Re4 25. Qd1 a3 26. Qf1
Qa5 27. Qd3 Re8 28. Rd1 Rc8 29. b4 Qc7 30. Qxa6 Qxc3 31. b5 Rb8 32. Rxd5
Qa1+ 33. Kh2 Qxa2 34. Rd3 Qxf2 35. Qd6 Rxb5 {Game drawn by mutual agreement}
1/2-1/2

[Event "ICC tourney 1900 (45 10)"]
[Site "Internet Chess Club"]
[Date "2020.07.04"]
[Round "5"]
[White "delere"]
[Black "KnightHopper"]
[Result "1-0"]
[ICCResult "Black resigns"]
[WhiteElo "1608"]
[BlackElo "1837"]
[Opening "Sicilian: dragon, Yugoslav attack, 10.O-O-O"]
[ECO "B78"]
[NIC "SI.18"]
[Time "21:03:45"]
[TimeControl "2700+10"]

1. e4 c5 2. Nf3 d6 3. d4 cxd4 4. Nxd4 Nf6 5. Nc3 g6 6. Be3 Bg7 7. f3 O-O 8.
Qd2 Nc6 9. Bc4 Bd7 10. O-O-O Rc8 11. Bb3 Nxd4 12. Bxd4 b5 13. Nd5 Nxd5 14.
Bxg7 Kxg7 15. exd5 Kg8 16. a3 a5 17. h4 b4 18. axb4 axb4 19. h5 Qa5 20. Qd4
Bf5 21. Kd2 Bxc2 22. Ra1 Qc7 23. Rhc1 Bxb3 24. Rxc7 Rxc7 25. Ra7 Rc4 26. Qd3
Rc2+ 27. Ke3 Rxb2 28. Qd4 Rxg2 29. h6 f6 30. Rxe7 Rh2 31. Qf4 Bxd5 32. Qxh2
b3 33. Qxd6 Bf7 34. Qxf6 {Black resigns} 1-0

[Event "ICC tourney 1900 (45 10)"]
[Site "Internet Chess Club"]
[Date "2020.07.04"]
[Round "5"]
[White "oneonethree"]
[Black "vikram251107"]
[Result "1-0"]
[ICCResult "Black resigns"]
[WhiteElo "1499"]
[BlackElo "1439"]
[Opening "King's Indian: Four pawns attack, dynamic line"]
[ECO "E76"]
[NIC "KI.31"]
[Time "21:03:29"]
[TimeControl "2700+10"]

1. d4 Nf6 2. c4 g6 3. Nc3 Bg7 4. e4 d6 5. f4 O-O 6. Nf3 c5 7. d5 Nfd7 8. Bd3
Re8 9. O-O Nf8 10. Ng5 h6 11. Nf3 e6 12. Be3 exd5 13. cxd5 a6 14. Qd2 b5 15.
f5 g5 16. h4 g4 17. Bxh6 Nbd7 18. Bxg7 Kxg7 19. Ng5 Ne5 20. Be2 Nh7 21. Qf4
Nf6 22. g3 Ra7 23. Nd1 Kh8 24. Ne3 Nh5 25. Qf2 Nf6 26. Qe1 Rg8 27. Qd1 Qe8
28. Bxg4 Nfxg4 29. Nxg4 f6 30. Nxf6 {Black resigns} 1-0

[Event "ICC tourney 1900 (45 10)"]
[Site "Internet Chess Club"]
[Date "2020.07.04"]
[Round "5"]
[White "Quinlandia"]
[Black "Kiwimonster31"]
[Result "1-0"]
[ICCResult "Black resigns"]
[WhiteElo "1213"]
[BlackElo "1432"]
[Opening "Queen's pawn: London system"]
[ECO "A45"]
[NIC "QP.07"]
[Time "21:03:17"]
[TimeControl "2700+10"]

1. d4 Nf6 2. Bf4 g6 3. e3 Bg7 4. Nf3 O-O 5. Be2 d5 6. c4 c5 7. dxc5 Qa5+ 8.
Qd2 Qxc5 9. Nc3 Ne4 10. Qxd5 Qb4 11. O-O Nxc3 12. bxc3 Bxc3 13. Rab1 Qa5 14.
Qxa5 Bxa5 15. Rfd1 Nc6 16. Nd4 Nxd4 17. exd4 Rd8 18. Bf3 Bc3 19. Rb3 Ba5 20.
c5 f6 21. c6 Be6 22. cxb7 Bxb3 23. axb3 Rab8 24. Bxb8 Rxb8 25. Rc1
{Black resigns}
1-0

[Event "ICC tourney 1900 (45 10)"]
[Site "Internet Chess Club"]
[Date "2020.07.04"]
[Round "5"]
[White "harkerchess"]
[Black "KyleZhuang"]
[Result "1-0"]
[ICCResult "Black resigns"]
[WhiteElo "1470"]
[BlackElo "1404"]
[Opening "English opening"]
[ECO "A16"]
[NIC "EO.64"]
[Time "21:03:33"]
[TimeControl "2700+10"]

1. c4 Nf6 2. Nc3 g6 3. g3 Bg7 4. Bg2 d6 5. e4 O-O 6. Nge2 Nbd7 7. O-O e5 8.
d3 a5 9. h3 Nc5 10. Be3 b6 11. f4 Qe7 12. fxe5 dxe5 13. Bg5 c6 14. d4 exd4
15. Qxd4 Ncd7 16. Rae1 h6 17. Be3 Bb7 18. Qd2 Rad8 19. Qc1 Nc5 20. Qc2 Rfe8
21. Nc1 Nfd7 22. Nb3 Nxb3 23. Qxb3 Ba6 24. Rd1 Qe6 25. Qa3 Bxc4 26. Rd6 Qe7
27. Rfd1 b5 28. Qxa5 Ra8 29. Qc7 Ne5 30. Qxe7 Rxe7 31. Bc5 Re6 32. b3 Rxd6
33. Bxd6 Be6 34. Bb4 Nd7 35. e5 Nxe5 36. Bd6 Rc8 37. Ne4 Bd5 38. Rc1 Rd8 39.
Be7 Re8 40. Nf6+ Bxf6 41. Bxf6 Nf3+ 42. Kf2 Nd2 43. Bxd5 cxd5 44. Bd4 Ne4+
45. Kg2 Ng5 46. h4 Re2+ 47. Kf1 Re4 48. Rc8+ {Black resigns} 1-0

[Event "ICC tourney 1900 (45 10)"]
[Site "Internet Chess Club"]
[Date "2020.07.04"]
[Round "5"]
[White "chessp1234"]
[Black "chessKingR"]
[Result "1/2-1/2"]
[ICCResult "Game drawn because neither player has mating material"]
[WhiteElo "1370"]
[BlackElo "1414"]
[Opening "Sicilian: Pelikan, Chelyabinsk variation"]
[ECO "B33"]
[NIC "SI.37"]
[Time "21:03:24"]
[TimeControl "2700+10"]

1. e4 c5 2. Nf3 Nc6 3. d4 cxd4 4. Nxd4 Nf6 5. Nc3 e5 6. Ndb5 d6 7. Bg5 a6 8.
Na3 b5 9. Nd5 Be7 10. Bxf6 Bxf6 11. c4 b4 12. Nc2 Bg5 13. g3 O-O 14. Ncxb4
Nxb4 15. Nxb4 Qb6 16. a3 a5 17. h4 Bh6 18. Nd3 Qd4 19. Qf3 f5 20. exf5 Bxf5
21. Qd5+ Qxd5 22. cxd5 Be4 23. Rg1 Bxd5 24. Bg2 Bxg2 25. Rxg2 Rab8 26. g4 g6
27. g5 Bg7 28. O-O-O Rfc8+ 29. Kd2 Rf8 30. Ke3 Rb3 31. f3 d5 32. Rc2 Re8 33.
Kd2 e4 34. fxe4 dxe4 35. Nc5 e3+ 36. Kc1 Rb5 37. Re1 Bxb2+ 38. Rxb2 Rxc5+
39. Rc2 Rd5 40. Rc3 e2 41. Rc2 Rd3 42. Rcxe2 Rxe2 43. Rxe2 Rxa3 44. Kb2 Ra4
45. Rh2 Kf7 46. Kb3 Rb4+ 47. Kc3 Ke6 48. Ra2 Rb5 49. Rf2 Rf5 50. Ra2 Kd6 51.
Kc4 Kc6 52. Kc3 Kb6 53. Rb2+ Ka6 54. Re2 Rf4 55. Rh2 a4 56. h5 Rg4 57. hxg6
hxg6 58. Rh8 Rxg5 59. Ra8+ Kb5 60. Rb8+ Kc6 61. Rc8+ Kd7 62. Rc4 Ra5 63. Rg4
g5 64. Kb4 Rf5 65. Ka3 Ke6 66. Rxa4 Rf4 67. Ra8 g4 68. Kb3 Ke5 69. Re8+ Kd4
70. Kc2 Re4 71. Rf8 Ke3 72. Kd1 Rf4 73. Re8+ Kf3 74. Ke1 Re4+ 75. Rxe4 Kxe4
76. Kf2 Kf4 77. Kg2 g3 78. Kg1 Kf3 79. Kf1 Kg4 80. Kg2 Kh4 81. Kg1 Kh3 82.
Kh1 g2+ 83. Kg1 Kh4 84. Kxg2
{Game drawn because neither player has mating material}
1/2-1/2

[Event "ICC tourney 1900 (45 10)"]
[Site "Internet Chess Club"]
[Date "2020.07.04"]
[Round "5"]
[White "Kyle2007"]
[Black "Averyyu321"]
[Result "1-0"]
[ICCResult "Black forfeits on time"]
[WhiteElo "1438"]
[BlackElo "1245"]
[Opening "Sicilian: Canal-Sokolsky (Nimzovich-Rossolimo, Moscow) attack"]
[ECO "B51"]
[NIC "SI.01"]
[Time "21:03:05"]
[TimeControl "2700+10"]

1. e4 c5 2. Nf3 d6 3. Bb5+ Nd7 4. c3 a6 5. Ba4 Nf6 6. Qe2 e5 7. d4 b5 8. Bc2
Be7 9. O-O O-O 10. Rd1 Bb7 11. dxe5 dxe5 12. Nxe5 Qc7 13. Nxd7 Nxd7 14. Be3
c4 15. Nd2 Nf6 16. f3 Bd6 17. Nf1 Rfe8 18. Bd4 Nd7 19. Qf2 Rad8 20. h3 Be5
21. Ne3 Bg3 22. Qe2 Bf4 23. a4 Nc5 24. a5 Bh2+ 25. Kh1 Bf4 26. Qf2 Nd7 27.
Qh4 Bg3 28. Qg5 f6 29. Qg4 Qf4 30. Qxf4 Bxf4 31. Kg1 Nf8 32. Kf2 Ne6 33. g3
Bxe3+ 34. Bxe3 h6 35. Bb6 Rc8 36. Rd7 Bc6 37. Ra7 Ra8 38. Rxa8 Rxa8 39. Rd1
Kf7 40. h4 Rb8 41. Ke3 Ke7 42. f4 Rb7 43. f5 {Black forfeits on time} 1-0

[Event "ICC tourney 1900 (45 10)"]
[Site "Internet Chess Club"]
[Date "2020.07.04"]
[Round "5"]
[White "Otelo"]
[Black "prnavneet"]
[Result "1-0"]
[ICCResult "Black checkmated"]
[WhiteElo "1630"]
[BlackElo "1426"]
[Opening "Queen's Indian: Euwe variation"]
[ECO "A05"]
[NIC "QP.11"]
[Time "21:03:28"]
[TimeControl "2700+10"]

1. Nf3 Nf6 2. c4 e6 3. g3 b6 4. Bg2 Bb7 5. O-O Be7 6. b3 O-O 7. d4 c5 8. Bb2
cxd4 9. Qxd4 Nc6 10. Qd3 Qc7 11. Nbd2 e5 12. Nxe5 Nb4 13. Qc3 Bxg2 14. Kxg2
Rac8 15. e4 Qb7 16. f3 d5 17. a3 Na6 18. Ng4 dxc4 19. bxc4 Nc5 20. a4 Rfd8
21. Nf2 a5 22. g4 Nxa4 23. Rxa4 Qd7 24. g5 Qxa4 25. gxf6 Bxf6 26. e5 Bg5 27.
Nde4 Rxc4 28. Qe1 Bh4 29. Nd6 Bxf2 30. Rxf2 Rc2 31. Bd4 b5 32. Bb6 Rb8 33.
e6 Rxf2+ 34. Bxf2 b4 35. e7 Re8 36. Nxe8 Qxe8 37. Bc5 b3 38. Qxa5 f6 39. Qc3
Qg6+ 40. Kf2 Qe8 41. Qxb3+ Kh8 42. Qd5 h6 43. Qd8 Qxd8 44. exd8=Q+ Kh7 45.
Qd7 Kg6 46. Bf8 Kh5 47. Qxg7 f5 48. Be7 f4 49. Qg4# {Black checkmated} 1-0

[Event "ICC tourney 1900 (45 10)"]
[Site "Internet Chess Club"]
[Date "2020.07.04"]
[Round "5"]
[White "aghilan"]
[Black "sathviks"]
[Result "0-1"]
[ICCResult "White resigns"]
[WhiteElo "1556"]
[BlackElo "1724"]
[Opening "Scandinavian (center counter) defense"]
[ECO "B01"]
[NIC "VO.17"]
[Time "21:03:19"]
[TimeControl "2700+10"]

1. e4 d5 2. exd5 Qxd5 3. d4 e5 4. Nf3 exd4 5. Qxd4 Qxd4 6. Nxd4 Nf6 7. Nc3
Bc5 8. Nb3 Bb6 9. Bg5 O-O 10. Be2 Nc6 11. O-O Bf5 12. Rac1 Ne4 13. Nxe4 Bxe4
14. c4 Nd4 15. Rfe1 Nxb3 16. axb3 Rfe8 17. b4 Bd4 18. b3 Bb2 19. Rcd1 Bc2
20. Rd2 Bc3 21. Rxc2 Bxe1 22. b5 f6 23. Bf4 Rad8 24. Bxc7 Rd2 25. Rxd2 Bxd2
26. Kf1 b6 27. Bd6 Kf7 28. Ba3 Ke6 29. c5 Kd7 30. c6+ Kc7 31. g3 Bc3 32. f4
g5 33. fxg5 fxg5 34. Bg4 Re1+ 35. Kg2 Ra1 36. Be7 Ra5 37. Be2 g4 38. Bg5 Be5
39. Kf2 Ra2 40. Ke3 Rb2 41. Bf4 Rxb3+ 42. Ke4 Bd6 43. Bxd6+ Kxd6 44. Kf4 Rb2
45. Ke3 Kc7 46. Kf2 Ra2 47. Kf1 a5 48. bxa6 Kxc6 49. Bxg4 Rxa6 50. Bf5 h6
51. Kg2 b5 52. Kf3 Ra1 53. h4 b4 54. Kg4 b3 55. Kh5 Ra5 56. g4 b2
{White resigns}
0-1

[Event "ICC tourney 1900 (45 10)"]
[Site "Internet Chess Club"]
[Date "2020.07.04"]
[Round "5"]
[White "sushivishwa"]
[Black "gardemarin13"]
[Result "0-1"]
[ICCResult "White checkmated"]
[WhiteElo "1470"]
[BlackElo "1577"]
[Opening "Sicilian: closed"]
[ECO "B24"]
[NIC "SI.44"]
[Time "21:03:18"]
[TimeControl "2700+10"]

1. e4 c5 2. Nc3 g6 3. g3 Nc6 4. Bg2 Bg7 5. Nge2 d6 6. O-O Nf6 7. d4 cxd4 8.
Nxd4 Nxd4 9. Qxd4 O-O 10. Qd3 Be6 11. Be3 Qc8 12. Nd5 Nxd5 13. exd5 Bf5 14.
Be4 Bxe4 15. Qxe4 Bxb2 16. Rab1 Bf6 17. Rb4 b6 18. Rfb1 Qa6 19. Ra4 Qe2 20.
Rbb4 Rfc8 21. c4 Qd1+ 22. Kg2 a5 23. Rb3 Rab8 24. Qb1 Qe2 25. Qd3 Qxd3 26.
Rxd3 b5 27. cxb5 Rxb5 28. Bd2 Rcc5 29. Rb3 Rxd5 30. Rxb5 Rxb5 31. Rxa5 Rxa5
32. Bxa5 Bd4 33. Kf3 f5 34. Bd2 Kf7 35. Be3 Bxe3 36. fxe3 e5 37. Ke2 Ke6 38.
Kd3 Kd5 39. a4 Kc5 40. a5 d5 41. h3 Kb5 42. g4 Kxa5 43. gxf5 gxf5 44. Ke2 h5
45. Kf3 h4 46. e4 dxe4+ 47. Ke3 Kb4 48. Kd2 Kc4 49. Ke3 Kc3 50. Ke2 Kd4 51.
Kf2 Kd3 52. Kg2 e3 53. Kh2 e2 54. Kg2 e1=Q 55. Kh2 Qe2+ 56. Kg1 Ke3 57. Kh1
Kf3 58. Kg1 Qg2# {White checkmated} 0-1

[Event "ICC tourney 1900 (45 10)"]
[Site "Internet Chess Club"]
[Date "2020.07.04"]
[Round "5"]
[White "BTyrrell"]
[Black "chessisthebest1"]
[Result "0-1"]
[ICCResult "White forfeits on time"]
[WhiteElo "1358"]
[BlackElo "1504"]
[Opening "R?ti: King's Indian attack (Barcza system)"]
[ECO "A07"]
[NIC "QP.09"]
[Time "21:03:18"]
[TimeControl "2700+10"]

1. Nf3 d5 2. g3 Nf6 3. Bg2 e6 4. O-O c5 5. d3 Nc6 6. Nbd2 Be7 7. e4 O-O 8.
b3 b6 9. Bb2 Bb7 10. Re1 Qc7 11. Qe2 Rfe8 12. e5 Nd7 13. Nf1 g6 14. N3d2 Bf8
15. f4 Bg7 16. c4 Ne7 17. d4 Rac8 18. Rac1 Qb8 19. Ne3 Qa8 20. Rf1 Kh8 21.
g4 Bh6 22. g5 Bg7 23. Ng4 Nf5 24. Nf6 Nxf6 25. exf6 Bf8 26. Nf3 Bd6 27. Ne5
Bxe5 28. dxe5 d4 29. Bxb7 Qxb7 30. Rce1 Red8 31. Bc1 Rd7 32. Qg4 Kg8 33. h4
Kf8 34. h5 Ke8 35. hxg6 hxg6 36. Qh3 Kd8 37. Rf2 Kc7 38. Bd2 Rcd8 39. a4 a5
40. Rh2 Kb8 41. Qd3 Qc8 42. Ra1 Rh8 43. Rxh8 Qxh8 44. b4 axb4 45. a5 Ra7 46.
Qf3 Qe8 47. Qg2 Rxa5 48. Rxa5 bxa5 49. Bc1 a4 50. Qa2 Qc6 51. Qa1 a3 52. Qb1
Kc7 53. Qb3 Qa8 {White forfeits on time} 0-1